Map: Paladino Terminal LE

Players

Neuro - Winner!

  • Race: Zerg Zerg
  • League: Master
  • Spawn Location: 9:00

CadoEverto

  • Race: Terran Terran
  • League: Master
  • Spawn Location: 5:00

VOD

Have the link to the VOD?

Description

Time

  • Played on: Feb. 18, 2017, 9:47 p.m.
  • Length: 9:43
Show
View Real Time Build Order
Export as new Build Order

Neuro Zerg - Winner!

Build Orders: Pool First 

Get SALT Encoding   

  12  0:01  Drone  
  13  0:08  Drone  
  14  0:16  Drone, Extractor  
  14  0:34  Spawning Pool  
  13  0:36  Drone  
  14  0:46  Overlord  
  14  0:53  Extractor  
  14  1:04  Drone x2  
  14  1:06  Drone  
  17  1:20  Metabolic Boost  
  17  1:26  Queen  
  17  1:30  Zergling x2  
  20  1:34  Zergling x2  
  20  1:37  Zergling x2  
  22  1:46  Evolution Chamber  
  21  1:52  Zergling x2  
  22  2:07  Hatchery  
  21  2:11  Zergling x2  
  22  2:25  Overlord  
  22  2:44  Drone x5  
  27  3:02  Drone  
  27  3:03  Queen  
  30  3:22  Queen  
  30  3:23  Drone x2  
  30  3:24  Drone x2  
  35  3:27  Overlord  
  35  3:42  Overlord x2  
  35  3:47  Zergling x4  
  37  4:00  Drone x5  
  42  4:03  Queen  
  44  4:11  Drone x2  
  44  4:15  Queen  
  48  4:26  Drone x2  
  48  4:39  Pneumatized Carapace  
  46  4:48  Hatchery  
  46  4:50  Drone x2  
  46  4:52  Baneling Nest, Zergling x10  
  51  5:12  Queen  
  53  5:19  Overlord x3  
  53  5:20  Zergling x10  
  58  5:34  Zergling x2  
  58  5:35  Zergling x2  
  60  5:36  Baneling x4  
  60  5:59  Zergling x12  
  60  6:00  Queen x3  
  63  6:16  Zergling x8  
  64  6:25  Baneling  
  63  6:46  Hatchery  
  62  6:47  Hatchery  
  55  7:00  Drone x10  
  65  7:07  Zergling x2  
  65  7:08  Queen x2  
  67  7:11  Spore Crawler  
  67  7:12  Spore Crawler  
  67  7:14  Spore Crawler  
  64  7:25  Zergling x12  
  64  7:28  Lair  
  70  7:45  Baneling x3  
  70  7:52  Drone x8  
  78  7:59  Overlord x3  
  78  8:00  Drone x8  
  85  8:26  Zergling x10  
  85  8:27  Zergling x14  
  94  8:31  Overseer  
  94  8:32  Overseer  
  94  8:34  Queen x2  
  85  8:35  Queen  
  85  8:38  Zergling x10  
  85  8:39  Zergling x10  
  97  8:49  Zergling x12  
  102  9:07  Zergling x22  
Show
View Real Time Build Order
Export as new Build Order

CadoEverto Terran 

Build Orders: MMM Bio 

Get SALT Encoding   

  12  0:00  SCV  
  13  0:13  SCV  
  14  0:18  Supply Depot  
  14  0:25  SCV  
  15  0:29  Refinery  
  15  0:40  SCV  
  16  0:49  Barracks  
  16  0:52  SCV  
  18  1:04  SCV  
  18  1:16  SCV  
  19  1:28  SCV  
  20  1:36  Reaper  
  21  1:40  Orbital Command  
  21  1:49  Command Center  
  21  2:00  Factory  
  21  2:07  SCV  
  22  2:09  Barracks Reactor  
  22  2:14  Supply Depot  
  22  2:19  SCV  
  23  2:35  SCV  
  24  2:43  Refinery  
  24  2:48  SCV, Bunker  
  25  2:56  Hellion  
  26  3:06  Hellion  
  26  3:09  Barracks Reactor  
  24  3:25  Orbital Command  
  24  3:28  Hellion  
  24  3:32  Marine  
  27  3:35  SCV  
  28  3:47  SCV  
  29  3:49  Factory Reactor  
  29  3:55  SCV  
  30  3:59  SCV  
  30  4:01  Barracks Tech Lab  
  31  4:05  Refinery  
  31  4:07  SCV  
  32  4:12  SCV  
  33  4:19  SCV  
  33  4:24  SCV  
  35  4:26  Starport  
  35  4:27  Hellion  
  35  4:28  Hellion  
  35  4:29  Marine  
  40  4:31  SCV  
  40  4:36  SCV  
  41  4:43  SCV  
  42  4:48  SCV, Marine  
  42  4:49  Hellion  
  46  5:00  Supply Depot  
  46  5:01  Hellion, SCV  
  46  5:04  Cloaking Field  
  46  5:06  Marine  
  50  5:08  SCV  
  50  5:09  Banshee  
  54  5:22  Armory, SCV  
  54  5:26  Barracks Tech Lab, Supply Depot  
  55  5:30  Hellion  
  55  5:32  Hellion  
  55  5:34  SCV  
  60  5:39  SCV  
  61  5:46  SCV  
  61  5:48  Supply Depot  
  63  5:51  SCV  
  63  5:53  Stimpack  
  63  5:59  SCV  
  64  6:11  Engineering Bay  
  64  6:15  Banshee  
  64  6:16  Hellion x2  
  64  6:18  SCV x2  
  67  6:36  Marine  
  67  6:37  Hellion x2  
  56  6:55  Marine  
  57  7:04  SCV x2  
  59  7:14  Barracks  
  59  7:15  Banshee  
  59  7:16  SCV x2  
  59  7:17  Barracks  
  64  7:27  Factory Reactor  
  64  7:28  SCV x2  
  64  7:29  Terran Infantry Weapons Level 1, Barracks  
  66  7:34  Marine  
  67  7:38  Supply Depot  
  67  7:40  SCV x2  
  67  7:41  Barracks  
  69  7:52  SCV  
  69  7:54  SCV  
  69  7:55  Supply Depot  
  69  7:57  Combat Shields  
  71  8:11  Barracks Reactor  
  71  8:13  Starport Reactor  
  71  8:15  Factory Reactor  
  53  8:48  SCV x2  
  46  8:50  Marine x2  
  44  8:56  Marine x4  
  44  8:57  Marine  
  44  8:58  Marine  
  44  9:00  SCV  
  51  9:08  Marine x2  
  49  9:12  SCV  
  49  9:14  Marine x4  
  49  9:15  Marine x2  
Tags
 
Composition
MMM Bio
Matchup
TvZ
Opening
Pool First
Spawn Locations
Cross Positions
Add a new tag
Caveats
  • Supply blocks, unpowered buildings, or Contaminate may cause inaccurate times.
  • Supply counts are checked every 10 seconds.